 Seeded DCSS version 0.28-a0-998-gb9e9c7b67e (webtiles) character file.

Game seed: 12130800008223909736 (custom seed)

47362 croobank the Conjurer (level 14, -8/100 HPs)
             Began as a Human Cinder Acolyte on Dec 5, 2021.
             Was a Follower of Ignis.
             Mangled by an eight-headed hydra (9 damage)
             ... on level 6 of the Lair of Beasts.
             The game lasted 02:25:25 (14924 turns).

croobank the Conjurer (Human Cinder Acolyte)       Turns: 14924, Time: 02:25:26

Health: -8/100     AC: 31    Str: 20    XL:     14   Next: 81%
Magic:  20/23      EV: 10    Int: 15    God:    Ignis [*.....]
Gold:   740        SH:  0    Dex: 15    Spells: 14/25 levels left

rFire   + + +      SeeInvis .   J - +8 short sword (chaos)
rCold   x . .      Faith    .   (no shield)
rNeg    . . .      Spirit   .   k - +6 ring mail of the Swan {rPois Will- Str+4 Dex+3}
rPois   +          Reflect  .   (helmet restricted)
rElec   .          Harm     +   Q - +0 cloak
rCorr   .          Rampage  .   D - +2 pair of gloves
Will    .....                   v - +4 pair of boots of Citaixog {Harm}
Stlth   +.........              c - amulet of regeneration
HPRegen 1.06/turn               e - ring of fire
MPRegen 0.18/turn               x - ring "Wiesh" {rPois rF+ AC+4}

@: mighty, about to teleport, fiery-armoured, mesmerised, very slow
A: horns 1, subdued magic 1
a: Renounce Religion, Fiery Armour, Foxfire Swarm, Rising Flame


You were on level 6 of the Lair of Beasts.
You worshipped Ignis.
Ignis was aware of your devotion.
You visited 3 branches of the dungeon, and saw 19 of its levels.

You collected 2044 gold pieces.
You spent 1304 gold pieces at shops.

Inventory:

Hand Weapons
 a - the +8 war axe of Uxzaprie {spect, rPois rN++ Dex-2}
   (You bought it in a shop on level 6 of the Dungeon)

   When its wielder attacks, the weapon's spirit leaps out and strikes again.
   The spirit shares a part of any damage it takes with its wielder.
   Dex:       It affects your dexterity (-2).
   rPois:     It protects you from poison.
   rN:        It greatly protects you from negative energy.
 b - a +0 fustibalus
 E - a +2 dire flail of protection
 J - a +8 short sword of chaos (weapon)
 K - a +2 long sword of flaming
 N - a +2 mace of venom
 O - a +3 war axe of draining
 U - a +6 hand axe
 V - a +2 falchion of electrocution
Missiles
 d - 2 atropa-tipped darts (quivered)
 f - 250 stones
 l - 2 boomerangs
 q - 99 sling bullets
 w - 5 curare-tipped darts
 B - 138 bolts
 C - 164 arrows
Armour
 k - the +6 ring mail of the Swan (worn) {rPois Will- Str+4 Dex+3}
   (You bought it in a shop on level 6 of the Dungeon)

   Str:       It affects your strength (+4).
   Dex:       It affects your dexterity (+3).
   rPois:     It protects you from poison.
   Will:      It decreases your willpower.
 n - a +0 chain mail
 v - the +4 pair of boots of Citaixog (worn) {Harm}
   (You acquired it on level 3 of the Dungeon)

   Harm:      It increases damage dealt and taken.
 D - a +2 pair of gloves (worn)
 Q - a +0 cloak (worn)
Magical Staves
 t - a staff of conjuration
Jewellery
 c - an amulet of regeneration (around neck)
 e - a ring of fire (left hand)
 i - a ring of fire
 j - the amulet "Hytolap" {RegenMP rPois rF++ Str-2 Dex+4}
   (You acquired it on level 1 of the Dungeon)

   [amulet of magic regeneration]

   It increases your rate of magic regeneration.
   Str:       It affects your strength (-2).
   Dex:       It affects your dexterity (+4).
   rF:        It greatly protects you from fire.
   rPois:     It protects you from poison.
 x - the ring "Wiesh" (right hand) {rPois rF+ AC+4}
   (You acquired it on level 6 of the Dungeon)

   [ring of protection]

   AC:        It affects your AC (+4).
   rF:        It protects you from fire.
   rPois:     It protects you from poison.
Wands
 m - a wand of paralysis (11)
 s - a wand of flame (4)
 z - a wand of iceblast (12)
 M - a wand of polymorph (13)
 P - a wand of mindburst (7)
Scrolls
 g - 10 scrolls of identify {identify}
 o - a scroll of silence {silence}
 p - 5 scrolls of magic mapping {magic mapping, unknown}
 r - 4 scrolls of immolation {immolation, unknown}
 u - 3 scrolls of holy word {holy word, unknown}
 y - 2 scrolls of teleportation {teleportation}
 A - a scroll of fog {fog}
 Y - a scroll of acquirement
 Z - a scroll of enchant armour
Potions
 h - 4 potions of flight {flight, unknown}
 F - 3 potions of might {might}
 G - a potion of magic {magic, unknown}
 H - a potion of brilliance {brilliance, unknown}
 I - a potion of haste
 L - 2 potions of curing {curing, unknown}
 R - 4 potions of lignification {lignification, unknown}
 S - 4 potions of heal wounds
 X - a potion of invisibility {invisibility, unknown}


   Skills:
 - Level 6.0 Fighting
 + Level 6.2 Axes
 + Level 1.1 Armour
 - Level 6.0 Spellcasting
 - Level 7.2 Conjurations
 - Level 7.1 Hexes
 - Level 7.0 Summonings
 - Level 7.0 Necromancy
 - Level 7.1 Translocations
 - Level 7.1 Transmutations
 - Level 6.7 Fire Magic
 - Level 7.0 Ice Magic
 - Level 7.0 Air Magic
 - Level 7.0 Earth Magic
 - Level 7.0 Poison Magic


You had 14 spell levels left.
You knew the following spells:

 Your Spells              Type           Power      Damage    Failure   Level
a - Scorch                Fire           56%        2d8       1%          2
b - Apportation           Tloc           40%        N/A       1%          1
c - Poisonous Vapours     Pois/Air       38%        N/A       1%          2
d - Statue Form           Tmut/Erth      12%        N/A       89%         6

Your spell library contained the following spells:

 Spells                   Type           Power      Damage    Failure   Level
 Animate Skeleton         Necr           38%        N/A       1%          1
 Summon Small Mammal      Summ           76%        N/A       1%          1
 Corpse Rot               Necr/Air       38%        N/A       1%          2
 Conjure Flame            Conj/Fire      29%        6-21      3%          3
 Petrify                  Tmut/Erth      19%        N/A       12%         4
 Iskenderun's Battlesphe  Conj           20%        2d7       30%         5
 Alistair's Intoxication  Tmut/Pois      12%        N/A       32%         5
 Fireball                 Conj/Fire      14%        3d8       32%         5
 Metabolic Englaciation   Hex/Ice        9%         N/A       32%         5
 Conjure Ball Lightning   Conj/Air       9%         3x3d6     88%         6
 Orb of Destruction       Conj           10%        9d5       100%        7


Dungeon Overview and Level Annotations

Branches:
Dungeon (12/15)            Temple (0/1) D:4            Lair (6/6) D:10
  Swamp (1/4) Lair:3        Snake (0/4) Lair:4
  Slime: Lair:5-6       Orc: D:9-12

Altars:
Elyvilon
Ru
Sif Muna
Yredelemnul

Shops:
D:6 =*[(   D:7 **(   D:9 *

Annotations:
Lair:1 exclusion: oklob plant
Lair:6 3 runed translucent doors, Pooter's ghost, journeyman MiHu


Innate Abilities, Weirdness & Mutations

You have a pair of small horns on your head.
Your spells are a little easier to cast, but a little less powerful.


Message History

The foxfire hits the merfolk avatar!
The merfolk avatar is burned terribly!
The merfolk avatar is heavily wounded.
The foxfire hits the rime drake but does no damage.
The rime drake is moderately wounded.
The merfolk avatar is engulfed in a cloud of scalding steam.
The merfolk avatar chants its luring song.
The eight-headed hydra barely misses you.
The eight-headed hydra bites you!
* * * LOW HITPOINT WARNING * * *
The eight-headed hydra closely misses you. x2
The eight-headed hydra bites you but does no damage.
The eight-headed hydra barely misses you.
The eight-headed hydra bites you.
* * * LOW HITPOINT WARNING * * *
The eight-headed hydra barely misses you.
A protective cloak of flame settles atop you.
The rime drake is engulfed in a cloud of scalding steam.
The foxfire hits the rime drake.
The rime drake is almost dead.
The merfolk avatar chants its luring song.
The eight-headed hydra bites you.
* * * LOW HITPOINT WARNING * * *
The eight-headed hydra is burned by your cloak of flames.
The eight-headed hydra is lightly wounded.
The eight-headed hydra bites you but does no damage.
The eight-headed hydra is burned by your cloak of flames.
The eight-headed hydra is lightly wounded.
The eight-headed hydra barely misses you.
The eight-headed hydra bites you.
* * * LOW HITPOINT WARNING * * *
The eight-headed hydra is burned by your cloak of flames.
The eight-headed hydra is moderately wounded.
The eight-headed hydra bites you but does no damage.
The eight-headed hydra is burned by your cloak of flames.
The eight-headed hydra is moderately wounded.
The eight-headed hydra bites you but does no damage.
The eight-headed hydra is burned by your cloak of flames.
The eight-headed hydra is heavily wounded.
The eight-headed hydra bites you!
You die...

#≈≈P.#≈≈≈ ≈≈≈≈≈≈≈≈≈ #.
≈≈. ..##.≈≈##≈≈≈ ... #≈≈
8≈≈≈.8≈≈≈#≈≈## ..≈##≈≈
≈≈.≈≈≈≈≈⌠≈≈≈#≈
≈≈≈≈≈#####.≈≈≈##≈##≈≈≈≈
≈.≈≈#vv§≈≈≈≈≈≈≈≈.#.≈.≈
#≈≈#vvv#≈88≈#≈#≈#≈≈≈≈
..≈##.≈#@vv≈.≈≈≈≈≈P≈#≈≈≈#
..l.≈≈≈D#k#≈#≈≈###≈≈#≈≈≈≈
...≈≈≈mk≈§.≈≈≈≈≈≈≈≈≈≈≈≈≈≈
...##.≈≈≈P≈##≈≈##≈≈##≈≈#≈
# #≈≈≈#≈≈≈≈#≈†##≈≈##≈≈##
..≈......≈≈..≈≈...≈≈≈≈.
#.#.##P#..≈.......≈.P.#.
#### ####...........#P##
##.......######


You could see a merfolk avatar (mesmerising, combustible), an eight-headed hydra
(ally target), a komodo dragon and 2 rime drakes.

Vanquished Creatures
  A boulder beetle (Lair:5)
  3 hydras
  6 death yaks (Lair:4)
  Nergalle (Lair:2)
  A deep elf pyromancer (D:11)
  Pikel (D:8)
  2 wizards (D:11)
  A harpy (Lair:6)
  2 manticores (Lair:6)
  6 elephants (Lair:4)
  5 black mambas
  A torpor snail (Lair:5)
  Joseph (D:10)
  Maggie (D:7)
  9 cane toads
  14 komodo dragons
  3 rime drakes
  2 trolls
  A wind drake (Lair:6)
  6 polar bears
  15 blink frogs
  A snapping turtle (Lair:6)
  Sigmund (D:5)
  61 yaks
  Eustachio (D:6)
  4 basilisks
  8 wyverns
  12 vampire mosquitoes
  8 steam dragons
  2 nagas (Lair:4)
  Pargi (D:3)
  9 water moccasins
  An ice beast (D:7)
  An orc warrior (D:9)
  4 sky beasts
  6 black bears
  A necrophage (D:6)
  2 centaurs
  22 wolves
  A lemure (D:8)
  7 bullfrogs
  A wyvern zombie (D:8)
  A gnoll sergeant (D:7)
  3 wights (D:7)
  A howler monkey (D:9)
  2 centaur zombies
  4 hounds
  2 jellies (D:6)
  A bullfrog skeleton (D:6)
  7 orc priests
  3 gnoll shamans
  Jessica (D:3)
  An iguana (D:6)
  8 orc wizards
  A hound zombie (D:5)
  A howler monkey zombie (D:9)
  A howler monkey skeleton (D:7)
  29 gnolls
  4 adders
  A shadow imp (D:5)
  A white imp (D:6)
  An ufetubus (D:5)
  An adder zombie (D:5)
  2 worms
  4 dart slugs
  19 orcs
  3 endoplasms (D:1)
  2 giant cockroaches
  4 goblins
  5 hobgoblins
  4 kobolds
  3 quokkas
  2 ball pythons (D:2)
  3 bats
  2 frilled lizards
  3 rats
366 creatures vanquished.

Vanquished Creatures (others)
  30 foxfires
  66 fungi
  93 plants
189 creatures vanquished.

Grand Total: 555 creatures vanquished

Notes
Turn   | Place    | Note
-------+----------+-------------------------------------------
     0 | D:1      | croobank the Human Cinder Acolyte began the quest for the
                  | Orb.
     0 | D:1      | Reached XP level 1. HP: 18/18 MP: 2/2
   202 | D:1      | Reached XP level 2. HP: 24/24 MP: 3/3
   727 | D:1      | Reached XP level 3. HP: 29/29 MP: 5/5
   811 | D:1      | Identified 3 scrolls of acquirement
   811 | D:1      | Acquired the amulet "Hytolap" {RegenMP rPois rF++ Str-2
                  | Dex+4}
  2059 | D:3      | Noticed Jessica
  2068 | D:3      | Killed Jessica
  2069 | D:3      | Reached XP level 4. HP: 23/35 MP: 6/6
  2227 | D:3      | Acquired the +4 pair of boots of Citaixog {Harm}
  2807 | D:3      | Noticed Pargi
  2826 | D:3      | Killed Pargi
  2827 | D:3      | Reached XP level 5. HP: 40/42 MP: 8/8
  3194 | D:4      | Reached XP level 6. HP: 48/48 MP: 9/9
  3226 | D:4      | Found a staircase to the Ecumenical Temple.
  3374 | D:4      | Learned a level 2 spell: Scorch
  3376 | D:4      | Learned a level 1 spell: Apportation
  3487 | D:4      | Noticed a black bear
  3505 | D:4      | Killed a black bear
  3661 | D:5      | Entered Level 5 of the Dungeon
  3868 | D:4      | Found a white marble altar of Elyvilon.
  4147 | D:5      | Noticed a sky beast
  4171 | D:5      | Killed a sky beast
  4172 | D:5      | Reached XP level 7. HP: 31/55 MP: 11/11
  4294 | D:6      | Noticed Eustachio
  4294 | D:6      | Found Wetiomp's General Store.
  4412 | D:6      | Found Hicsephi's Antique Armour Boutique.
  4420 | D:6      | Bought an ichor-stained ring mail for 207 gold pieces
  4420 | D:6      | Identified the +6 ring mail of the Swan {rPois Will- Str+4
                  | Dex+3} (You bought it in a shop on level 6 of the Dungeon)
  4524 | D:6      | Found Ygyota's Weapon Shop.
  4530 | D:6      | Acquired the ring "Wiesh" {rPois rF+ AC+4}
  4565 | D:5      | Noticed Sigmund
  4573 | D:5      | Killed Sigmund
  4574 | D:5      | Reached skill level 5 in Fire Magic
  4617 | D:5      | Reached skill level 5 in Axes
  4786 | D:5      | Reached skill level 5 in Fighting
  4794 | D:5      | Reached XP level 8. HP: 57/62 MP: 13/13
  4990 | D:6      | Killed Eustachio
  5069 | D:6      | Found Leclugu's Jewellery Shop.
  5089 | D:6      | Acquired 952 gold pieces
  5123 | D:6      | Bought the +8 war axe of Uxzaprie {spect, rPois rN++ Dex-2}
                  | for 993 gold pieces
  5290 | D:6      | Reached XP level 9. HP: 69/69 MP: 14/16
  5467 | D:7      | Reached skill level 1 in Ice Magic
  5467 | D:7      | Reached skill level 1 in Air Magic
  5467 | D:7      | Reached skill level 1 in Earth Magic
  5467 | D:7      | Reached skill level 1 in Poison Magic
  5472 | D:7      | Gained mutation: You have a pair of small horns on your
                  | head. [potion of mutation]
  5472 | D:7      | Gained mutation: Your spells are a little easier to cast,
                  | but a little less powerful. [potion of mutation]
  5534 | D:7      | Found Mijiuple's Assorted Antiques.
  5552 | D:7      | Bought a puce potion for 22 gold pieces
  5632 | D:7      | Learned a level 2 spell: Poisonous Vapours
  5635 | D:7      | Found Sostroc's General Store.
  5640 | D:7      | Bought a scroll of enchant weapon for 82 gold pieces
  5666 | D:7      | Reached XP level 10. HP: 76/76 MP: 17/17
  5675 | D:7      | Noticed Maggie
  5675 | D:7      | Paralysed by Maggie for 7 turns
  5687 | D:7      | Killed Maggie
  5820 | D:7      | Found Hobu's Weapon Emporium.
  6167 | D:8      | Reached skill level 1 in Conjurations
  6167 | D:8      | Reached skill level 1 in Hexes
  6167 | D:8      | Reached skill level 1 in Summonings
  6167 | D:8      | Reached skill level 1 in Necromancy
  6167 | D:8      | Reached skill level 1 in Translocations
  6169 | D:8      | Reached skill level 1 in Transmutations
  6197 | D:8      | Found a shimmering blue altar of Sif Muna.
  6207 | D:8      | Reached XP level 11. HP: 45/81 MP: 18/18
  6292 | D:8      | Noticed Pikel
  6303 | D:8      | Killed Pikel
  6561 | D:8      | Found a sacrificial altar of Ru.
  6822 | D:9      | You fall into a shaft and drop 3 floors!
  6924 | D:11     | Noticed a wizard
  6933 | D:11     | Killed a wizard
  6938 | D:11     | Noticed a wizard
  6938 | D:11     | Noticed a deep elf pyromancer
  6939 | D:11     | Noticed a wizard
  6941 | D:11     | Killed a deep elf pyromancer
  6949 | D:11     | Killed a wizard
  6960 | D:11     | Got the Papyrus of Dhcmrlchtdj
  6965 | D:10     | Entered Level 10 of the Dungeon
  6969 | D:10     | Noticed Joseph
  6977 | D:10     | Killed Joseph
  7339 | D:9      | Found Yqudeimu's Neck Hole.
  7593 | D:10     | Reached XP level 12. HP: 88/88 MP: 19/19
  7701 | D:10     | Found a staircase to the Lair.
  7939 | D:10     | Found a basalt altar of Yredelemnul.
  8275 | D:11     | Noticed a boulder beetle
  8331 | Lair:1   | Entered Level 1 of the Lair of Beasts
  8781 | Lair:1   | Noticed a five-headed hydra
  8788 | Lair:1   | Killed a five-headed hydra
  8789 | Lair:1   | Reached skill level 5 in Conjurations
  8789 | Lair:1   | Reached skill level 5 in Hexes
  8789 | Lair:1   | Reached skill level 5 in Summonings
  8789 | Lair:1   | Reached skill level 5 in Translocations
  8789 | Lair:1   | Reached skill level 5 in Transmutations
  8796 | Lair:1   | Learned a level 6 spell: Statue Form
  8853 | Lair:1   | Reached skill level 5 in Necromancy
  9331 | Lair:2   | Reached XP level 13. HP: 93/93 MP: 20/20
  9779 | Lair:2   | HP: 4/139 [komodo dragon (27)]
 10209 | Lair:2   | Noticed Nergalle
 10215 | Lair:2   | Killed Nergalle
 11055 | Lair:3   | Found a staircase to the Swamp.
 11062 | Swamp:1  | Entered Level 1 of the Swamp
 12253 | Lair:4   | Found a staircase to the Snake Pit.
 12332 | Lair:4   | Reached XP level 14. HP: 80/100 MP: 17/21
 13296 | Lair:5   | Reached skill level 5 in Spellcasting
 13665 | Lair:5   | Identified the +1 leather armour of Resonance {rF+ Will+}
 13885 | Lair:6   | Entered Level 6 of the Lair of Beasts
 14084 | Lair:6   | Found a runed translucent gate.
 14084 | Lair:6   | Found a runed translucent gate.
 14085 | Lair:6   | Found a runed translucent gate.
 14085 | Lair:6   | Noticed Pooter's ghost (journeyman MiHu)
 14872 | Lair:6   | Reached skill level 1 in Armour
 14924 | Lair:6   | HP: 1/100 [eight-headed hydra (6)]
 14924 | Lair:6   | Mangled by an eight-headed hydra

Illustrated notes

Levels and vault maps discovered:
D:1:      minmay_arrival_checkered_box, layout_basic, minmay_pentomino_q2
D:2:      layout_loops_cross
D:3:      layout_loops_corners, serial_bayou, serial_bayou_pond_c,
          serial_bayou_lagoon_b, serial_bayou_pond_c, serial_bayou_pond_e,
          uniq_pargi, uniq_jessica
D:4:      layout_basic, marbit_many_paths, minmay_temple_entry_enclosed_plants,
          hex_intersection
D:5:      layout_rooms, uniq_sigmund
D:6:      layout_rooms, serial_shops, shop, nicolae_diamond_shop,
          nicolae_shop_advertising_works [nicolae_subvault_shop_adworks], shop,
          chequers_serial_rivers_micro_a, uniq_eustachio
D:7:      layout_cave_pools, serial_gnoll_camp, gnoll_camp_mini_shop,
          gnoll_camp_mini_loothouse, gnoll_camp_mini_sergeant,
          gnoll_camp_mini_shop, serial_shops, kennysheep_little_box, uniq_maggie
D:8:      layout_basic, lemuel_round_altar, mainiacjoe_overflow_catwalk,
          uniq_pikel
D:9:      layout_cave_pools, nicolae_shop_sticking_my_neck_out
D:10:     layout_roguey, general_overflow_altar, due_lair_maze_entry_diamond,
          uniq_joseph
D:11:     minmay_quarter_circles, layout_small_grid, zombieorc2_lemuel,
          bh_hangedman_babel_library
D:12:     layout_stronghold, portal_ice_cave_rime, serial_shops, shop,
          enter_bailey_4, uniq_maurice
Lair:1:   layout_loops_ring, minmay_lair_oklob_items, lemuel_old_faithful,
          serial_bayou_shore_b
Lair:2:   layout_cave_pods, beast_lair_carwin_3, uniq_nergalle
Lair:3:   layout_cave_pods, minmay_swamp_entry_swarm, st_stairs_8
Lair:4:   layout_concentric_octagons, guppyfry_snake_entry_garden
Lair:5:   layout_gridlike, nicolae_volcano_entry_lava_flow,
          chequers_serial_rivers_marsh
Lair:6:   gammafunk_lair_ancient_temple, layout_big_grid, slime_altar_1,
          gammafunk_ghost_split, chequers_serial_rivers_small_3
Swamp:1:  layout_falls_marsh, evilmike_swamp_ruin_rubble_1,
          infiniplex_staircase_pool_2

Skill      XL: |  1  2  3  4  5  6  7  8  9 10 11 12 13 14 |
---------------+-------------------------------------------+-----
Spellcasting   | 2 3 4 6 |  6.0
Axes           | 4 5 6 |  6.2
Fire Magic     | 4 5 6 |  6.7
Fighting       | 4 5 6 |  6.0
Ice Magic      | 6 7 |  7.0
Air Magic      | 6 7 |  7.0
Earth Magic    | 6 7 |  7.0
Poison Magic   | 6 7 |  7.0
Conjurations   | 1 3 5 6 7 |  7.2
Hexes          | 1 3 5 6 7 |  7.1
Summonings     | 1 3 5 6 7 |  7.0
Necromancy     | 1 3 5 6 7 |  7.0
Translocations | 1 3 5 6 7 |  7.1
Transmutations | 1 3 5 6 7 |  7.1
Armour         | 1 |  1.1

Action                   |  1- 3 |  4- 6 |  7- 9 | 10-12 | 13-15 || total
-------------------------+-------+-------+-------+-------+-------++-------
Melee: Hand axe          |   130 |   110 |   178 |       |       ||   418
       War axe           |       |       |    29 |   227 |   296 ||   552
       Headbutt          |       |       |     2 |    66 |    80 ||   148
       Short sword       |       |       |       |    36 |    38 ||    74
 Fire: Hunting sling     |       |       |     2 |       |       ||     2
Throw: Dart              |       |     3 |       |       |     2 ||     5
       Throwing net      |       |       |     1 |       |       ||     1
       Stone             |       |       |     2 |       |       ||     2
 Cast: Scorch            |       |     9 |       |    23 |   160 ||   192
       Poisonous Vapours |       |       |       |     1 |     1 ||     2
Invok: Fiery Armour      |     1 |       |       |     1 |     3 ||     5
       Foxfire Swarm     |       |       |     1 |     1 |     1 ||     3
Evoke: Wand              |       |       |       |     2 |    13 ||    15
  Use: Scroll            |     2 |     2 |     9 |     2 |     7 ||    22
       Potion            |     1 |     1 |     3 |     1 |     7 ||    13
 Stab: Sleeping          |     2 |       |       |       |       ||     2
       Distracted        |       |       |       |     2 |     1 ||     3
       Paralysed         |       |       |       |     8 |     2 ||    10
       Petrified         |       |       |       |       |     7 ||     7
       Confused          |       |       |       |       |     1 ||     1
       Petrifying        |       |       |       |       |     1 ||     1
Armor: Robe              |    19 |    19 |       |       |       ||    38
       Troll leather arm |       |    56 |     5 |       |       ||    61
       Ring mail         |       |       |   182 |   165 |   363 ||   710
Dodge: Dodged            |    69 |    66 |   150 |   145 |   260 ||   690

Table legend: (Time is in decaauts)
 A = Elapsed time spent in this place.
 B = Non-inter-level travel time spent in this place.
 C = Inter-level travel time spent in this place.
 D = Time resting spent in this place.
 E = Time spent auto-exploring this place.
 F = Levels seen in this place.
 G = Mean time per level.
                   A        B        C        D        E       F      G
               +--------+--------+--------+--------+--------+-----+--------+
         Total |  15179 |  14628 |    551 |   2006 |   8869 |  19 |  798.9 |
       Dungeon |   8432 |   7985 |    447 |    685 |   5108 |  12 |  702.7 |
          Lair |   6744 |   6641 |    103 |   1321 |   3761 |   6 | 1124.0 |
         Swamp |      1 |      1 |      0 |      0 |      0 |   1 |    1.0 |
               +--------+--------+--------+--------+--------+-----+--------+

Top non-repeatable levels by time:
  Lair:2: 1647 daAuts
     D:3: 1553 daAuts
  Lair:3: 1334 daAuts
  Lair:5: 1265 daAuts
  Lair:6: 951 daAuts
     D:1: 906 daAuts
     D:2: 887 daAuts
  Lair:1: 860 daAuts
     D:4: 840 daAuts
     D:6: 814 daAuts
    D:10: 768 daAuts
  Lair:4: 685 daAuts
     D:8: 671 daAuts
     D:7: 657 daAuts
     D:9: 556 daAuts
